Map: King's Cove LE

Players

Anhellik

  • Race: Zerg Zerg
  • Spawn Location: 5:00

A.I. 1 (Elite) - Winner!

  • Race: Zerg Zerg
  • Spawn Location: 11:00

VOD

Have the link to the VOD?

Description

Time

  • Played on: July 2, 2019, 11:12 p.m.
  • Length: 5:05
Show
View Real Time Build Order
Export as new Build Order

Anhellik Zerg 

Build Orders: Hatch First 

Get SALT Encoding   

  12  0:03  Drone  
  13  0:13  Overlord  
  13  0:20  Drone  
  14  0:32  Drone  
  14  0:33  Drone  
  16  0:36  Drone  
  17  0:49  Drone  
  18  1:03  Hatchery  
  17  1:05  Drone  
  17  1:09  Extractor  
  17  1:12  Extractor  
  17  1:13  Drone  
  17  1:28  Spawning Pool  
  16  1:33  Drone  
  16  1:34  Drone  
  18  1:43  Overlord  
  18  2:17  Metabolic Boost  
  18  2:20  Hatchery  
  17  2:28  Queen  
  19  2:36  Zergling x2  
  19  2:37  Zergling x2  
  21  2:38  Zergling x2  
  21  2:43  Drone  
  23  2:48  Zergling x2  
  23  2:50  Zergling x2  
  25  3:02  Queen  
  27  3:10  Drone  
  27  3:11  Drone  
  29  3:17  Drone  
  30  3:26  Drone  
  31  3:27  Drone  
  31  3:28  Drone  
  31  3:31  Drone  
  31  3:33  Zergling x2  
  33  3:43  Drone x2  
  33  3:46  Zergling x2  
  36  3:51  Zergling x4  
  36  4:06  Zergling x4  
  37  4:10  Zergling x4  
  37  4:14  Zergling x6  
  37  4:16  Zergling x2  
  40  4:20  Zergling x4  
  40  4:21  Zergling x2  
  40  4:30  Zergling x6  
  39  4:45  Zergling x4  
Show
View Real Time Build Order
Export as new Build Order

A.I. 1 (Elite) Zerg - Winner!

Build Orders: Pool First 

Get SALT Encoding   

  12  0:00  Drone  
  13  0:12  Overlord  
  13  0:18  Drone  
  14  0:30  Drone  
  15  0:41  Spawning Pool  
  14  0:43  Drone  
  14  0:46  Drone  
  16  0:51  Drone  
  16  0:55  Extractor  
  16  0:57  Drone  
  17  1:06  Drone  
  18  1:17  Drone  
  19  1:30  Roach Warren, Queen  
  19  1:31  Drone  
  21  1:38  Zergling x2  
  22  1:50  Overlord  
  22  1:59  Overlord  
  22  2:11  Roach  
  24  2:21  Roach  
  26  2:28  Hatchery  
  25  2:32  Drone  
  30  2:37  Roach x2  
  30  2:42  Roach  
  32  2:47  Roach  
  34  2:54  Overlord  
  36  3:05  Roach  
  36  3:09  Roach  
  40  3:12  Roach  
  40  3:13  Roach  
  40  3:18  Roach  
  44  3:28  Roach  
  46  3:39  Overlord  
  46  3:40  Zergling x2  
  46  3:41  Roach  
  48  3:47  Roach  
  50  3:53  Zergling x2  
  49  3:59  Zergling x2  
  46  4:05  Drone  
  46  4:10  Zergling x2  
  46  4:16  Zergling x2  
  48  4:31  Baneling Nest  
  47  4:32  Drone  
  47  4:37  Zergling x2  
  49  4:42  Drone  
  49  4:45  Drone  
  51  4:49  Drone  
Tags
 
Add a new tag
Caveats
  • Supply blocks, unpowered buildings, or Contaminate may cause inaccurate times.
  • Supply counts are checked every 10 seconds.